 Dungeon Crawl Stone Soup version 0.32-a0-314-g526f7d4993 (webtiles) character file.

Game seed: 5184720757014185796

602047 voltaire321 the Intangible (level 27, -5/224 HPs)
             Began as a Merfolk Alchemist on Feb 15, 2024.
             Was the Champion of Hepliaklqana.
             Killed from afar by an orb of fire (17 damage)
             ... with a bolt of fire
             ... on level 5 of the Realm of Zot on Feb 16, 2024.
             The game lasted 05:36:53 (64491 turns).

voltaire321 the Intangible (Merfolk Alchemist)     Turns: 64491, Time: 05:36:54

Health: -5/224     AC: 18    Str: 13    XL:     27
Magic:  37/39      EV: 35    Int: 21    God:    Hepliaklqana [******]
Gold:   8312       SH: 20    Dex: 24    Spells: 10/50 levels left

rFire   + . .        f - +9 double sword (heavy)
rCold   + . .        e - +2 kite shield {reflect}
rNeg    + + +        s - +3 troll leather armour
rPois   +            u - +1 helmet of Feichowk {Rampage +Inv Dex+7}
rElec   +            F - +1 cloak "Eluepn" {rF+ Int+2}
rCorr   .            T - +2 pair of gloves {Str+3}
SInv    .            U - +2 pair of boots
Will    +++++        l - amulet of the Four Winds {rN+ Will+++ Clar}
Stlth   +++          v - ring "Fugoed" {+Blink rN+++ Will+ Dex-4 Stlth+}
HPRegen 0.00/turn    N - ring "Ryz Cara" {rElec rPois rC+ Int+3}
MPRegen 0.26/turn

%: reflection, clarity, rampage
@: inhibited regen, studying 2 skills, unable to drink
A: reduced essence, (nimble swimmer 2), mertail, deformed body, poison
resistance, screaming 1, shaggy fur 1, inhibited regeneration, teleportitis 1,
weak 2, subdued magic 1, inability to drink after injury 1, inability to read
after injury 1
}: 3/15 runes: decaying, silver, gossamer
a: Renounce Religion, Evoke Blink, Evoke Invisibility, Recall Ancestor, Ancestor
Identity, Transference, Idealise


You were on level 5 of the Realm of Zot.
You worshipped Hepliaklqana.
Hepliaklqana was exalted by your worship.
You visited 12 branches of the dungeon, and saw 52 of its levels.
You visited the Abyss 2 times.
You also visited: Trove, Gauntlet and Ice Cave.

You collected 10182 gold pieces.
You spent 1870 gold pieces at shops.

Inventory:

Hand Weapons
 f - a +9 heavy double sword (weapon)
Armour
 e - a +2 kite shield of reflection (worn)
 s - a +3 troll leather armour (worn)
 u - the +1 helmet of Feichowk (worn) {Rampage +Inv Dex+7}
   (You bought it in a shop on level 2 of the Orcish Mines)

   Dex+7:     It affects your dexterity (+7).
   +Inv:      It lets you turn invisible.
   Rampage:   It bestows one free step when moving towards enemies.
 F - the +1 cloak "Eluepn" (worn) {rF+ Int+2}
   (You found it on level 8 of the Dungeon)

   Int+2:     It affects your intelligence (+2).
   rF+:       It protects you from fire.
 T - a +2 pair of gloves of strength (worn)
 U - a +2 pair of boots (worn)
Jewellery
 a - a ring of positive energy
 d - a ring of protection from fire
 i - a ring of protection from fire
 k - a ring of resist corrosion
 l - the amulet of the Four Winds (around neck) {rN+ Will+++ Clar}
   (You found it on level 3 of the Crypt)

   [amulet of nothing]

   rN+:       It protects you from negative energy.
   Will+++:   It greatly increases your willpower.
   Clar:      It protects you from confusion, rage, mesmerisation and fear.
 n - a ring of ice
 v - the ring "Fugoed" (left hand) {+Blink rN+++ Will+ Dex-4 Stlth+}
   (You acquired it on level 2 of the Vaults)

   [ring of willpower]

   Dex-4:     It affects your dexterity (-4).
   rN+++:     It renders you almost immune to negative energy.
   Will+:     It increases your willpower.
   +Blink:    It lets you blink.
   Stlth+:    It makes you more stealthy.
 w - a ring of see invisible
 H - a ring of protection from cold
 N - the ring "Ryz Cara" (right hand) {rElec rPois rC+ Int+3}
   (You found it in a Gauntlet)

   [ring of protection from cold]

   Int+3:     It affects your intelligence (+3).
   rC+:       It protects you from cold.
   rElec:     It insulates you from electricity.
   rPois:     It protects you from poison
 R - a ring of flight
Wands
 m - a wand of light (22)
 z - a wand of digging (14)
 A - a wand of mindburst (35)
 I - a wand of paralysis (26)
 M - a wand of iceblast (30)
 S - a wand of flame (78)
Scrolls
 c - 8 scrolls of fog
 g - 16 scrolls of teleportation
 j - a scroll of immolation
 p - a scroll of enchant weapon
 t - 5 scrolls of enchant armour
 J - 2 scrolls of silence
 L - 16 scrolls of revelation
 P - 7 scrolls of poison
 W - a scroll of brand weapon
 X - 5 scrolls of fear
Potions
 b - 3 potions of magic
 h - 3 potions of lignification
 o - 9 potions of brilliance
 q - 13 potions of haste
 x - 7 potions of mutation
 B - 6 potions of berserk rage
 C - 2 potions of resistance
 D - 6 potions of ambrosia
 E - 9 potions of might
 G - 35 potions of curing
 K - 12 potions of enlightenment
 Q - a potion of heal wounds
 Y - 4 potions of cancellation
 Z - 4 potions of invisibility
Miscellaneous
 r - a phantom mirror


   Skills:
 O Level 27 Fighting
 - Level 16.0 Long Blades
 - Level 14.0 Polearms
 - Level 8.0 Armour
 O Level 27 Dodging
 - Level 2.1 Stealth
 + Level 22.7 Shields
 - Level 12.0 Spellcasting
 - Level 4.0 Conjurations
 - Level 4.0 Translocations
 - Level 8.0 Fire Magic
 - Level 6.0 Earth Magic
 - Level 20.0 Alchemy
 - Level 10.0 Invocations


You had 10 spell levels left.
You knew the following spells:

 Your Spells              Type           Power      Damage    Failure   Level
b - Olgreb's Toxic Radia  Alch           65%        N/A       0%          4
c - Blink                 Tloc           44%        N/A       1%          2
d - Ignite Poison         Fire/Alch      53%        N/A       1%          4
e - Petrify               Alch/Erth      51%        N/A       1%          4
f - Irradiate             Conj/Alch      24%        3d19      1%          5
h - Eringya's Noxious Bo  Alch           32%        4d6       1%          6
i - Passage of Golubria   Tloc           22%        N/A       13%         4
j - Stone Arrow           Conj/Erth      50%        3d10      2%          3
k - Passwall              Erth           29%        N/A       1%          3
l - Alistair's Intoxicat  Alch           43%        N/A       1%          5

Your spell library contained the following spells:

 Spells                   Type           Power      Damage    Failure   Level
 Apportation              Tloc           44%        N/A       1%          1
 Foxfire                  Conj/Fire      100%       2x1d9     1%          1
 Magic Dart               Conj           88%        1d7       1%          1
 Sandblast                Erth           58%        2d13      1%          1
 Sting                    Conj/Alch      100%       1d9       1%          1
 Cigotuvi's Dreadful Rot  Necr/Alch/Air  62%        N/A       1%          2
 Lesser Beckoning         Tloc           44%        N/A       1%          2
 Mercury Vapours          Alch/Air       84%        N/A       1%          2
 Momentum Strike          Conj/Tloc      44%        3d9       1%          2
 Scorch                   Fire           70%        2d7       1%          2
 Searing Ray              Conj           44%        2d6       1%          2
 Mephitic Cloud           Conj/Alch/Air  35%        N/A       1%          3
 Volatile Blastmotes      Fire/Tloc      58%        2d14      1%          3
 Fulminant Prism          Conj/Alch      24%        3d12      1%          4
 Leda's Liquefaction      Alch/Erth      25%        N/A       1%          4
 Sticky Flame             Fire/Alch      53%        2d9       1%          4
 Kiss of Death            Conj/Necr      64%        2d10      2%          1
 Yara's Violent Unravell  Hex/Alch       21%        3d10      2%          5
 Gell's Gravitas          Tloc           22%        N/A       3%          3
 Inner Flame              Hex/Fire       22%        N/A       3%          3
 Teleport Other           Tloc           22%        N/A       3%          3
 Flame Wave               Conj/Fire      29%        2d9       5%          4
 Freeze                   Ice            36%        1d5       6%          1
 Necrotise                Necr           36%        1d5       6%          1
 Slow                     Hex            36%        N/A       6%          1
 Summon Small Mammal      Summ           36%        N/A       6%          1
 Brom's Barrelling Bould  Conj/Erth      25%        2d5       8%          4
 Dazzling Flash           Conj/Hex       32%        N/A       9%          3
 Hailstorm                Conj/Ice       16%        3d6       9%          3
 Call Imp                 Summ           18%        N/A       10%         2
 Ensorcelled Hibernation  Hex/Ice        18%        N/A       10%         2
 Jinxbite                 Hex            18%        N/A       10%         2
 Sublimation of Blood     Necr           9%         N/A       10%         2
 Iskenderun's Mystic Bla  Conj/Tloc      22%        2d6       13%         4
 Summon Blazeheart Golem  Fire/Summ      22%        N/A       13%         4
 Lee's Rapid Deconstruct  Erth           14%        3d9*      16%         5
 Sculpt Simulacrum        Ice/Alch       21%        N/A       17%         6
 Animate Armour           Summ/Erth      38%        N/A       19%         4
 Call Canine Familiar     Summ           9%         N/A       21%         3
 Confusing Touch          Hex            9%         N/A       21%         3
 Frozen Ramparts          Ice            18%        1d3       21%         3
 Fugue of the Fallen      Necr           9%         N/A       21%         3
 Ozocubu's Armour         Ice            9%         N/A       21%         3
 Sigil of Binding         Hex            9%         N/A       21%         3
 Summon Ice Beast         Ice/Summ       9%         N/A       21%         3
 Swiftness                Air            9%         N/A       21%         3
 Vampiric Draining        Necr           9%         2d6       21%         3
 Dimensional Bullseye     Hex/Tloc       8%         N/A       30%         4
 Vhi's Electric Charge    Tloc/Air       32%        N/A       30%         4
 Borgnjor's Vile Clutch   Necr/Erth      9%         N/A       50%         5
 Anguish                  Hex/Necr       4%         N/A       56%         4
 Animate Dead             Necr           9%         N/A       56%         4
 Cause Fear               Hex            4%         N/A       56%         4
 Dispel Undead            Necr           9%         3d8       56%         4
 Martyr's Knell           Necr/Summ      9%         N/A       56%         4
 Summon Lightning Spire   Summ/Air       9%         N/A       56%         4
 Arcjolt                  Conj/Air       8%         1d18      63%         5
 Summon Forest            Summ/Tloc      8%         N/A       63%         5
 Starburst                Conj/Fire      14%        6d6       67%         6
 Freezing Cloud           Conj/Ice/Air   6%         6-21      75%         5
 Bombard                  Conj/Erth      12%        9d3       80%         6
 Curse of Agony           Necr           9%         N/A       89%         5
 Metabolic Englaciation   Hex/Ice        4%         N/A       89%         5
 Silence                  Hex/Air        4%         N/A       89%         5
 Summon Mana Viper        Hex/Summ       9%         N/A       89%         5
 Plasma Beam              Fire/Air       11%        2x1d22    91%         6
 Conjure Ball Lightning   Conj/Air       8%         3x3d6     99%         6
 Death Channel            Necr           4%         N/A       100%        6
 Enfeeble                 Hex            4%         N/A       100%        7
 Haunt                    Necr/Summ      4%         N/A       100%        7
 Malign Gateway           Summ/Tloc      8%         N/A       100%        7
 Monstrous Menagerie      Summ           4%         N/A       100%        7
 Orb of Destruction       Conj           11%        9d6       100%        7
 Ozocubu's Refrigeration  Ice            4%         4d8       100%        7
 Summon Hydra             Summ           4%         N/A       100%        7
 Borgnjor's Revivificati  Necr           4%         N/A       100%        8
 Discord                  Hex            4%         N/A       100%        8
 Disjunction              Tloc           11%        N/A       100%        8
 Ignition                 Fire           17%        3d7       100%        8
 Infestation              Necr           4%         N/A       100%        8
 Lehudib's Crystal Spear  Conj/Erth      12%        10d4      100%        8
 Maxwell's Capacitive Co  Air            4%         ∞         100%        8
 Summon Horrible Things   Summ           4%         N/A       100%        8
 Death's Door             Necr           4%         N/A       100%        9
 Polar Vortex             Ice            4%         N/A       100%        9


Dungeon Overview and Level Annotations

Branches:
Dungeon (15/15)            Temple (1/1) D:4            Lair (5/5) D:11
  Swamp (4/4) Lair:2       Spider (4/4) Lair:2        Slime (0/5) Lair:5
    Orc (2/2) D:9             Elf (3/3) Orc:2        Vaults (5/5) D:13
  Crypt (3/3) Vaults:2       Tomb (1/3) Crypt:3      Depths (4/4) D:15
    Zot (5/5) Depths:4      IceCv (visited)         Gauntlet (visited)

Altars:
Ashenzari
Cheibriados
Dithmenos
Elyvilon
Fedhas
Gozag
Hepliaklqana
Kikubaaqudgha
Makhleb
Nemelex Xobeh
Okawaru
Qazlal
Ru
Sif Muna
Trog
Uskayaw
Vehumet
Wu Jian
Xom
Yredelemnul
Zin
The Shining One

Shops:
D:5 *   D:6 ?   D:7 *   Orc:2 !([[[*?   Elf:1 =*!!   Elf:2 ?   Vaults:1 ?
Depths:1 [   Depths:2 *[!

Portals:
Hell: Depths:1 Depths:2 Depths:3 Depths:4
Abyss: Depths:2 Depths:3 Depths:4
Pandemonium: Depths:1 Depths:2 Depths:3
Ziggurat: Depths:2

Annotations:
D:6 3 runed translucent doors, knightboat's ghost, novice GnSh
Temple 2 transporters
Swamp:2 Bai Suzhen
Spider:1 1 runed translucent door, Niv Okit's ghost, adept TeFi
Orc:2 2 transporters, yleetSyT's ghost, journeyman DsSu
Elf:2 3 runed translucent doors
Crypt:1 1 runed translucent door, Omoexics's ghost, veteran DsGl
Crypt:2 1 runed translucent door, Katt's ghost, adept MiFi
Crypt:3 Mennas
Depths:3 1 runed translucent door
Zot:1 Tiamat


Innate Abilities, Weirdness & Mutations

Your life essence is reduced to manifest your ancestor. (-10% HP)
((You are very nimble when in or above water. (Stealth+, EV+, Speed+++)))
Your lower body shifts to a powerful aquatic tail in water.
Armour fits poorly on your strangely shaped body.
Your system is resistant to poisons. (rPois)
You occasionally shout uncontrollably at your foes.
You are covered in fur. (AC +1)
You do not regenerate when monsters are visible.
You are occasionally teleported next to monsters.
You are very weak. (Str -4)
Your spells are a little easier to cast, but a little less powerful.
You occasionally lose the ability to drink potions when taking damage.
You occasionally lose the ability to read scrolls when taking damage.


Message History

The purple draconian shifter breathes dispelling energy at you.
The bolt of dispelling energy misses you.
The Killer Klown falters for a moment.
The Killer Klown falters for a moment.
The orb of fire glows yellow.
The fireball explodes!
The fireball engulfs you! You resist.
* * * LOW HITPOINT WARNING * * *
You feel threatened and lose the ability to drink potions!
You hear a roar! x2
You cannot drink potions in your current state!
Unknown command.
Your surroundings suddenly seem different.
A yellow draconian comes into view. It is wielding a +0 dire flail.
The Killer Klown pies you viciously! The klown pie misses you.
Aiming: Stone Arrow (safe; 1% risk of failure)
Press: ? - help, Q - select action, (/) - cycle Shift-Dir - straight line, f - Killer Klown
Aim: a Killer Klown, wielding a +9 club of freezing (almost dead, magic disrupted, 53% to hit)
The stone arrow hits the Killer Klown!
The Killer Klown is almost dead.
The Killer Klown pies you viciously! The klown pie misses you.
Blink to where?
Press: ? - help, Dir - move target, p - Killer Klown
As you read the scroll of blinking, it crumbles to dust.
The orb of fire glows deep purple.
Strange energies course through your body.
You occasionally lose the ability to read scrolls when taking damage.
The orb of fire emits a lurid red light.
The fireball explodes!
The fireball engulfs you!! You resist.
* * * LOW HITPOINT WARNING * * *
The purple draconian shifter roars!
You hear a roar!
The Killer Klown falters for a moment.
The orb of fire emits a lurid red light.
Strange energies course through your body.
Your connection to magic feels less subdued.
The orb of fire emits a lurid red light.
The bolt of fire hits you! You resist.
You die...
Hepliaklqana delivers you to your ancestors.

########### #.........####
#.####.....@.# .# ##
#.R..#....##.# .# #
.########.#######.###.# .#
....[...R.......#.....# .#
.########.#####.......# ###.#
.########.# #......####...#
.##.......# #....*.p......#
.##.#...#######.....###..§..#####
....#........##....q......#...^..


You could see an orb of fire and a Killer Klown (magic disrupted).

Vanquished Creatures
  A dread lich (Crypt:3)
  An orb of fire (Zot:1)
  A juggernaut (Depths:1)
  5 Killer Klowns
  Saint Roka (Elf:3)
  Nikola (Vaults:1)
  2 curse toes
  5 golden dragons
  Margery (Depths:3)
  An electric golem (Zot:1)
  A hellephant (Elf:3)
  Jorgrun (Swamp:3)
  Zenata (Vaults:3)
  3 liches
  10 tentacled monstrosities
  8 Orb Guardians (Zot:5)
  9 quicksilver dragons
  Mlioglotl (Spider:3)
  7 titans
  2 deep elf blademasters (Elf:3)
  A deep elf master archer (Elf:3)
  6 ancient champions (Crypt:3)
  8 death cobs
  2 tentacled starspawn
  2 shadow dragons
  19 storm dragons
  7 tengu reavers
  Donald (Vaults:1)
  6 draconian monks
  Roxanne (Elf:3)
  2 revenants
  10 fire giants
  5 protean progenitors
  2 draconian knights (Zot:2)
  3 emperor scorpions
  2 iron dragons
  2 spectral caustic shrikes (Depths:2)
  3 deep elf elementalists (Elf:3)
  5 draconian shifters
  2 draconian annihilators
  6 draconian stormcallers
  7 vault wardens
  A balrug (Depths:4)
  4 deep elf sorcerers
  12 frost giants
  5 ghost moths
  5 ghouls
  3 reapers
  11 ironbound preservers
  A broodmother (shapeshifter) (Elf:3)
  4 orc warlords
  17 very ugly things
  2 broodmothers
  A cacodemon (Abyss:5)
  2 formless jellyfish
  A spriggan defender (Depths:3)
  Nessos (Lair:5)
  20 stone giants
  3 caustic shrike skeletons (Crypt:3)
  3 deep elf demonologists (Elf:3)
  2 green draconians (Zot:3)
  A quicksilver ooze (IceCv)
  6 ironbound thunderhulks
  8 deep elf death magi
  3 eleionomae
  10 yellow draconians
  8 black draconians
  A lorocyproca (Abyss:5)
  4 dire elephants (Vaults:2)
  6 war gargoyles
  7 vampire knights
  7 deep elf annihilators
  A minotaur (Gauntlet)
  5 bunyips
  7 purple draconians
  13 red draconians
  14 white draconians
  8 spark wasps
  2 eidola
  8 ettins
  2 blizzard demons
  A mummy priest (Crypt:3)
  7 jiangshi
  6 deep elf high priests
  A fire dragon (shapeshifter) (Elf:3)
  2 entropy weavers (shapeshifter)
  6 fire dragons
  4 entropy weavers
  Josephine (Orc:1)
  3 shambling mangroves
  11 yaktaur captains
  A peacekeeper (Vaults:4)
  A rakshasa (D:15)
  12 ice dragons
  2 ironbound frosthearts
  24 vault guards
  4 great orbs of eyes
  8 centaur warriors
  7 alligators
  12 hydras
  5 spriggan skeletons
  A jorogumo (Spider:4)
  2 ogre magi (D:15)
  4 ghost crabs
  3 radroaches
  10 two-headed ogres
  7 boulder beetles
  An azure jelly zombie (Crypt:1)
  5 death knights
  19 dancing weapons
  A hell hog (Lair:5)
  A two-headed ogre (shapeshifter) (Depths:3)
  7 death yaks
  2 deep troll shamans
  4 tengu warriors (Depths:2)
  2 shock serpents (Zot:1)
  A titan zombie (Crypt:3)
  5 vampire magi
  3 deep troll earth magi
  5 thrashing horrors
  An orc high priest (Orc:2)
  6 occultists
  2 spriggan berserkers (Depths:4)
  13 demonic crawlers
  2 soul eaters
  14 hell knights
  A wretched star (Abyss:5)
  A sun demon (Depths:4)
  A shadow wraith (Vaults:2)
  Sonja (D:12)
  7 deep elf knights
  3 pharaoh ants
  2 titan skeletons (Crypt:3)
  4 sixfirhies
  A golden dragon zombie (Crypt:1)
  A skyshark (shapeshifter) (Elf:3)
  A goliath frog (Swamp:1)
  A skyshark (Lair:5)
  A goliath frog (shapeshifter) (Elf:3)
  A deep troll (shapeshifter) (Vaults:5)
  6 iron trolls (Depths:2)
  A sea snake (shapeshifter) (Vaults:5)
  14 skeletal warriors
  7 orb spiders
  A sun moth (Spider:3)
  3 spriggan druids
  38 deep trolls
  3 bog bodies
  7 swamp dragons
  10 large abominations
  3 arcanists
  A spectral hydra (Lair:2)
  A golden dragon skeleton (Depths:2)
  12 deep elf archers
  5 glowing orange brains
  7 phantasmal warriors
  3 flayed ghosts
  A spriggan simulacrum (Crypt:3)
  8 ironbound convokers
  4 lindwurms
  A harpy (shapeshifter) (Abyss:4)
  3 steelbarb worms (Spider:3)
  6 orc knights
  23 deep elf pyromancers
  2 tengu skeletons
  26 deep elf zephyrmancers
  20 wolf spiders
  4 lightning spires (Zot:1)
  A shadow dragon skeleton (Vaults:4)
  A manticore (shapeshifter) (Elf:3)
  An anaconda skeleton (Crypt:3)
  6 necromancers
  15 ugly things
  7 orc sorcerers
  3 cyclopes (shapeshifter)
  3 will-o-the-wisps
  A wolf spider (shapeshifter) (Depths:3)
  An iron dragon skeleton (Crypt:3)
  8 cyclopes
  2 manticores (D:13)
  27 moths of wrath
  An alligator skeleton (Crypt:3)
  Maurice (D:7)
  7 elephants
  3 apocalypse crabs
  3 frost giant skeletons
  6 torpor snails
  A smoke demon (Depths:1)
  12 vault sentinels
  2 black mambas (shapeshifter)
  A kobold blastminer (Orc:1)
  7 black mambas
  A water nymph (shapeshifter) (Elf:2)
  2 torpor snails (shapeshifter) (Vaults:5)
  4 rime drakes
  A gargoyle (Depths:2)
  8 cane toads
  4 molten gargoyles (D:14)
  A dire elephant skeleton (Crypt:3)
  3 unseen horrors (Depths:3)
  An efreet (D:15)
  2 centaur skeletons (D:15)
  A minotaur zombie (Gauntlet)
  2 kobold demonologists (D:13)
  4 freezing wraiths
  6 guardian mummies
  Jeremiah (D:7)
  7 komodo dragons
  27 yaktaurs
  A great orb of eyes zombie (Crypt:1)
  2 tengu conjurers
  A yaktaur (shapeshifter) (Elf:3)
  An ice devil (Lair:1)
  An alligator snapping turtle skeleton (Crypt:3)
  6 ancient zymes
  A green draconian skeleton (Crypt:3)
  13 polar bears
  12 tyrant leeches
  A tarantella (shapeshifter) (Elf:3)
  20 hornets
  A shadow dragon simulacrum (Vaults:5)
  7 trolls
  3 harpy skeletons (Crypt:3)
  A wolf spider simulacrum (D:15)
  2 raiju (Abyss:5)
  28 tarantellas
  2 spectral elephants (Lair:2)
  14 blink frogs
  2 ettin zombies
  A dream sheep (shapeshifter) (Elf:2)
  25 slime creatures
  A frost giant simulacrum (Vaults:4)
  A spectral black mamba (Lair:2)
  An air elemental (Elf:1)
  19 culicivoras
  37 jumping spiders
  3 centaur simulacra (D:10)
  A fire dragon skeleton (Crypt:3)
  19 spriggans
  A shadow (D:12)
  12 wyverns
  10 small abominations
  2 ynoxinuls
  52 yaks
  3 vampires
  9 wargs
  7 wraiths
  A fire elemental (Elf:2)
  An unseen horror simulacrum (D:10)
  6 water elementals
  An elf (Depths:2)
  A tyrant leech zombie (Crypt:3)
  A steam dragon (D:9)
  7 starcursed masses
  A human (Depths:2)
  3 elf skeletons
  Menkaure (D:7)
  A basilisk (D:14)
  2 neqoxecs
  A black mamba skeleton (Crypt:2)
  52 redbacks
  13 vampire mosquitoes
  2 chaos spawn
  11 swamp worms
  A faun zombie (Crypt:2)
  13 hell hounds (Lair:5)
  18 water moccasins
  21 orc warriors
  Duvessa (D:6)
  A hornet zombie (Crypt:3)
  A naga skeleton (Crypt:3)
  A deep troll skeleton (Crypt:1)
  19 laughing skulls
  7 swamp drakes
  A black bear (shapeshifter) (Elf:3)
  A sky beast (D:7)
  13 black bears
  27 wolves
  12 ogres
  2 boggarts (Depths:2)
  10 centaurs
  3 slime creature simulacra (IceCv)
  3 weeping skulls
  13 bullfrogs
  A komodo dragon zombie (Crypt:3)
  A kobold brigand (D:6)
  A gnoll sergeant (D:7)
  4 necrophages
  2 earth elementals
  A glowing shapeshifter simulacrum (IceCv)
  2 scorpions
  14 wights
  A troll zombie (Crypt:2)
  Dowan (D:6)
  A polar bear zombie (Crypt:1)
  13 killer bees
  2 spectral wolves (Depths:2)
  A vampire bat (Lair:3)
  3 howler monkeys
  5 electric eels
  5 hexers
  2 bombardier beetles (D:3)
  A quasit (Abyss:2)
  A human zombie (Crypt:1)
  8 hounds
  A jelly (D:6)
  38 orc priests
  2 human skeletons
  4 iguanas
  A sleepcap (D:4)
  30 orc wizards
  13 hell rats
  4 shapeshifter simulacra (IceCv)
  An acid dragon skeleton (Crypt:3)
  5 mummies (Crypt:1)
  4 adders
  3 gnolls
  A white imp (D:10)
  6 ufetubi
  3 ribbon worms
  2 dart slugs
  72 orcs
  9 endoplasms
  3 giant cockroaches
  6 goblins
  4 hobgoblins
  6 jackals
  23 kobolds
  3 quokkas
  9 ball pythons
  12 bats
  3 frilled lizards (D:1)
  3 rats (D:1)
  A rat zombie (Crypt:1)
  3 butterflies (Zot:4)
2004 creatures vanquished.

Vanquished Creatures (collateral kills)
  3 orbs of fire
  Mara (Swamp:3)
  Xtahua (Crypt:3)
  the Lernaean hydra (Swamp:4)
  A curse toe (Zot:3)
  2 Killer Klowns
  2 golden dragons
  2 electric golems (Zot:1)
  8 tentacled monstrosities
  A shard shrike skeleton (Crypt:1)
  A lich (Depths:1)
  3 Orb Guardians (Zot:5)
  4 titans
  A searing wretch (Depths:3)
  2 walking frostbound tomes (Depths:3)
  A sphinx (Depths:3)
  A death cob (Zot:3)
  An ancient champion (Crypt:3)
  4 tengu reavers
  2 revenants
  3 storm dragons
  A draconian monk (Zot:3)
  5 frost giants
  A fire giant (Vaults:5)
  4 shadow dragons
  2 deep elf sorcerers
  A draconian knight (Zot:5)
  2 draconian shifters
  An iron dragon (Vaults:5)
  2 vault wardens
  A ghost moth (Zot:5)
  A deep elf elementalist (Elf:3)
  A draconian scorcher (Zot:3)
  A spectral caustic shrike (Depths:2)
  2 curse skulls
  An angel (Elf:3)
  An orc warlord (Depths:2)
  A ghoul (Crypt:3)
  A draconian stormcaller (Depths:4)
  2 quicksilver oozes (IceCv)
  A draconian annihilator (Zot:2)
  5 ironbound preservers
  6 very ugly things
  5 stone giants
  A rockslime zombie (Crypt:2)
  An ironbound thunderhulk (Vaults:2)
  3 vampire knights
  3 black draconians
  3 green draconians
  A broodmother (Spider:2)
  A bunyip (Swamp:2)
  An eleionoma (Swamp:1)
  A yellow draconian (Zot:3)
  A war gargoyle (Vaults:5)
  A red draconian (Zot:3)
  3 caustic shrike skeletons (Crypt:3)
  2 deep elf annihilators (Elf:3)
  A spark wasp (Spider:2)
  A purple draconian (Zot:3)
  2 eidola (Crypt:2)
  4 ettins
  A fire dragon (Depths:1)
  An ice dragon (shapeshifter) (Elf:3)
  A deep elf high priest (Vaults:5)
  2 entropy weavers
  3 vault guards
  A rakshasa (D:15)
  6 hydras
  An alligator (Swamp:4)
  3 ice dragons (Depths:4)
  An ironbound frostheart (Vaults:3)
  A spriggan air mage (Depths:2)
  A centaur warrior (D:11)
  A ghost crab (Swamp:2)
  An ogre mage (Vaults:5)
  A spriggan skeleton (Crypt:3)
  A tengu warrior (Depths:2)
  3 dancing weapons (Elf:1)
  A death knight (Crypt:2)
  2 boulder beetles
  A radroach (Spider:4)
  A thrashing horror (Abyss:5)
  4 two-headed ogres
  2 vampire magi
  2 death yaks
  2 deep troll shamans
  4 demonic crawlers
  A titan zombie (Crypt:1)
  2 deep troll earth magi (Depths:2)
  An orc high priest (Orc:2)
  A sun demon (Depths:4)
  3 hell knights
  3 deep elf knights
  A soul eater (Crypt:3)
  An occultist (Depths:2)
  4 goliath frogs
  2 pharaoh ants
  A skyshark (Lair:3)
  5 skeletal warriors
  2 shadow wraiths (Crypt:3)
  An orb spider (shapeshifter) (Vaults:3)
  A spriggan druid (Swamp:2)
  An orb spider (Spider:4)
  4 swamp dragons (Swamp:4)
  A storm dragon skeleton (Depths:2)
  3 flayed ghosts
  2 ironbound convokers
  4 deep trolls
  2 bog bodies (Swamp:3)
  An orc knight (Vaults:4)
  3 phantasmal warriors
  A deep elf archer (Elf:1)
  4 steelbarb worms
  2 deep elf pyromancers (Elf:1)
  6 wolf spiders
  3 necromancers
  4 will-o-the-wisps
  A lightning spire (Zot:1)
  2 deep elf zephyrmancers (Elf:3)
  A manticore (D:15)
  2 ugly things
  A cyclops (D:13)
  2 large abominations
  4 moths of wrath
  A meliai (Spider:4)
  5 black mambas
  A guardian serpent (Lair:5)
  2 vault sentinels
  2 ice statues
  7 elephants
  2 torpor snails
  A centaur skeleton (Crypt:3)
  8 cane toads
  A kobold blastminer (Orc:1)
  A yaktaur zombie (Vaults:3)
  An unseen horror (D:11)
  3 rime drakes
  A freezing wraith (D:14)
  A yellow draconian zombie (Crypt:1)
  An alligator snapping turtle skeleton (Crypt:3)
  3 yaktaurs
  3 komodo dragons
  An ice devil (Lair:1)
  A pale draconian skeleton (Crypt:2)
  2 guardian mummies (Crypt:3)
  A troll (D:12)
  4 polar bears
  3 tyrant leeches
  4 tarantellas
  3 blink frogs
  A raiju (Lair:5)
  5 hornets
  A hydra skeleton (Crypt:2)
  6 jumping spiders
  12 slime creatures
  6 culicivoras
  A guardian serpent skeleton (Crypt:3)
  5 wyverns
  A deep troll skeleton (Vaults:3)
  4 spriggans
  5 wraiths
  4 shadows
  2 basilisks (Lair:1)
  26 yaks
  2 fire elementals
  2 water elementals
  A warg (Orc:2)
  8 redbacks
  A black mamba skeleton (Crypt:3)
  A steam dragon (D:7)
  7 vampire mosquitoes
  A swamp worm (Swamp:2)
  A human zombie (Depths:2)
  A cane toad zombie (Crypt:1)
  An acid dragon (D:11)
  7 water moccasins
  A small abomination (Gauntlet)
  3 great orb of eyes simulacra (IceCv)
  3 hell hounds (Lair:5)
  8 orc warriors
  A black bear (D:7)
  3 swamp drakes
  9 laughing skulls
  An elf simulacrum (Vaults:3)
  3 ice beasts (D:10)
  15 wolves
  A boggart (Depths:2)
  A hog zombie (Crypt:3)
  An ogre (Orc:2)
  A spectral basilisk (Lair:2)
  A kobold brigand (D:8)
  3 bullfrogs
  2 necrophages
  A scorpion (D:5)
  2 earth elementals
  A gnoll sergeant (D:7)
  8 wights
  2 killer bees
  4 crimson imps (Depths:2)
  2 hounds
  6 orc priests
  An iguana (D:7)
  11 orc wizards
  3 hell rats
  A mummy (Crypt:1)
  A gnoll (D:7)
  2 adders
  A white imp (D:10)
  An adder zombie (Crypt:3)
  7 orcs
  A bat (Lair:3)
  A jackal (D:5)
  A hobgoblin skeleton (Crypt:3)
  3 kobolds
  12 butterflies (Zot:4)
558 creatures vanquished.

Vanquished Creatures (others)
  A draconian shifter (Zot:1)
  A fire giant (Depths:3)
  A draconian stormcaller (Zot:1)
  A fire dragon (Depths:4)
  2 occultists (Depths:3)
  A deep elf knight (Elf:2)
  A deep troll (Vaults:1)
  A moth of wrath (Zot:4)
  An air elemental (Zot:1)
  A fire elemental (D:14)
  A warg (Elf:3)
  75 hexers
  An orc wizard (Orc:2)
  7 ancestors
  A butterfly (Zot:4)
  6 foxfires
  11 starspawn tentacles
113 creatures vanquished.

Grand Total: 2675 creatures vanquished

Notes
Turn   | Place    | Note
-------+----------+-------------------------------------------
     0 | D:1      | voltaire321 the Merfolk Alchemist began the quest for the
                  | Orb.
     0 | D:1      | Reached XP level 1. HP: 13/13 MP: 3/3
   112 | D:1      | Reached XP level 2. HP: 20/20 MP: 3/5
   187 | D:1      | Reached skill level 1 in Conjurations
   271 | D:1      | Reached XP level 3. HP: 17/25 MP: 0/6
   451 | D:1      | Reached skill level 1 in Fighting
  1074 | D:2      | Reached XP level 4. HP: 32/32 MP: 5/7
  1488 | D:2      | Reached skill level 1 in Armour
  2269 | D:3      | Reached XP level 5. HP: 37/37 MP: 6/8
  2337 | D:3      | Learned a level 4 spell: Olgreb's Toxic Radiance
  2675 | D:3      | Reached skill level 5 in Alchemy
  2675 | D:3      | Reached XP level 6. HP: 36/44 MP: 4/10
  3378 | D:4      | Found a hazy altar of Hepliaklqana.
  3438 | D:4      | Found a staircase to the Ecumenical Temple.
  3444 | Temple   | Found a transporter.
  3444 | Temple   | Found a transporter.
  3444 | Temple   | Found a transporter.
  3444 | Temple   | Found a transporter.
  3444 | Temple   | Entered the Ecumenical Temple
  3471 | D:4      | Became a worshipper of Hepliaklqana the Forgotten
  3500 | D:4      | Reached skill level 1 in Shields
  3764 | D:5      | Entered Level 5 of the Dungeon
  3788 | D:5      | Reached XP level 7. HP: 41/51 MP: 5/11
  3889 | D:5      | You fall into a shaft and drop 1 floor!
  4009 | D:6      | Reached skill level 1 in Invocations
  4108 | D:6      | Noticed a troll
  4330 | D:6      | Reached skill level 5 in Dodging
  4347 | D:6      | Killed a troll
  4348 | D:6      | Reached XP level 8. HP: 49/58 MP: 1/13
  4543 | D:5      | Found a shimmering blue altar of Sif Muna.
  4892 | D:6      | Noticed Dowan
  4893 | D:6      | Noticed Duvessa
  4901 | D:6      | Killed Dowan
  4920 | D:6      | Found Iniej's Magic Scroll Shoppe.
  4939 | D:6      | Killed Duvessa
  5012 | D:6      | Bought a scroll of teleportation for 42 gold pieces
  5012 | D:6      | Bought a scroll of identify for 28 gold pieces
  5072 | D:6      | Reached * piety under Hepliaklqana
  5178 | D:6      | Found a hide-covered altar of Uskayaw.
  5270 | D:5      | Reached XP level 9. HP: 39/58 MP: 1/15
  5463 | D:5      | Found an iron altar of Okawaru.
  5662 | D:5      | Found Dofat's Mayhem Merchandise.
  5937 | D:5      | Found an ornate altar of the Wu Jian Council.
  6009 | D:6      | Reached skill level 1 in Polearms
  6223 | D:6      | Found a runed translucent gate.
  6223 | D:6      | Found a runed translucent gate.
  6223 | D:6      | Found a runed translucent gate.
  6224 | D:6      | Noticed knightboat's ghost (novice GnSh)
  6431 | D:7      | Reached skill level 5 in Fighting
  6782 | D:7      | Noticed Jeremiah
  6794 | D:7      | Killed Jeremiah
  6972 | D:7      | Reached XP level 10. HP: 36/66 MP: 8/17
  7075 | D:7      | Noticed Menkaure
  7082 | D:7      | Killed Menkaure
  7083 | D:7      | Reached skill level 5 in Polearms
  7220 | D:7      | Reached skill level 5 in Spellcasting
  7272 | D:7      | Noticed Maurice
  7520 | D:7      | Reached ** piety under Hepliaklqana
  7521 | D:7      | Remembered your ancestor Pipnoss Unet as a hexer
  7650 | D:7      | Killed Maurice
  7931 | D:7      | Found Foipouc's General Store.
  8052 | D:8      | Found a broken altar of Ashenzari.
  8079 | D:8      | Reached skill level 5 in Invocations
  8094 | D:8      | Identified the +1 cloak "Eluepn" {rF+ Int+2}
  8349 | D:8      | Found an ancient bone altar of Kikubaaqudgha.
  8513 | D:9      | Found a staircase to the Orcish Mines.
  8701 | D:9      | Reached XP level 11. HP: 65/74 MP: 18/18
  9407 | D:10     | Entered Level 10 of the Dungeon
  9527 | D:10     | Reached skill level 5 in Armour
  9641 | D:10     | Found a blossoming altar of Fedhas.
  9641 | D:10     | Found an opulent altar of Gozag.
  9666 | D:10     | Reached skill level 10 in Polearms
  9805 | D:10     | Reached skill level 10 in Alchemy
  9934 | D:10     | Reached skill level 10 in Dodging
  9945 | D:10     | Reached XP level 12. HP: 72/82 MP: 4/19
 10037 | D:10     | Reached *** piety under Hepliaklqana
 10315 | D:10     | Found a portal to a secret trove of treasure.
 10680 | D:11     | Noticed a two-headed ogre
 10692 | D:11     | Noticed a centaur warrior
 10852 | D:11     | Killed a centaur warrior
 10882 | D:11     | Found a staircase to the Lair.
 10951 | D:11     | Identified the +0 robe of Qaecs {^Contam +Inv Str+5}
 11388 | D:11     | Killed a two-headed ogre
 11850 | Lair:1   | Entered Level 1 of the Lair of Beasts
 11910 | Lair:1   | Noticed a boulder beetle
 11932 | Lair:1   | Killed a boulder beetle
 12012 | Lair:1   | Found a frozen archway.
 12034 | IceCv    | Entered an ice cave
 12120 | IceCv    | Reached XP level 13. HP: 65/90 MP: 15/20
 12222 | IceCv    | Noticed a quicksilver ooze
 12227 | IceCv    | Killed a quicksilver ooze
 12234 | IceCv    | Noticed a quicksilver ooze
 12238 | IceCv    | Killed a quicksilver ooze
 12359 | IceCv    | Reached skill level 10 in Fighting
 12385 | IceCv    | Noticed an azure jelly
 12859 | IceCv    | Noticed a quicksilver ooze
 12860 | IceCv    | Found a viscous altar of Jiyva.
 12913 | IceCv    | Killed a quicksilver ooze
 12929 | IceCv    | Identified the amulet of Diek {Spirit Will+}
 12934 | IceCv    | Identified the +4 falchion of the Sixty-Six Dreams {venom,
                  | rElec Dex+3}
 13063 | Lair:1   | Reached skill level 10 in Invocations
 13159 | Lair:1   | Reached **** piety under Hepliaklqana
 13508 | Lair:2   | Found a hole to the Spider Nest.
 14287 | Lair:2   | Found a staircase to the Swamp.
 14525 | Lair:2   | Reached XP level 14. HP: 101/101 MP: 17/21
 15390 | Lair:3   | Reached ***** piety under Hepliaklqana
 15992 | Lair:3   | Reached skill level 15 in Alchemy
 16137 | Lair:4   | Reached skill level 15 in Dodging
 16336 | Lair:4   | Got the Tractate on Azoth and Injury
 17209 | Lair:5   | Entered Level 5 of the Lair of Beasts
 17581 | Lair:5   | Reached XP level 15. HP: 98/111 MP: 16/22
 17816 | Lair:5   | Found a staircase to the Slime Pits.
 17948 | Lair:5   | Noticed Nessos
 17961 | Lair:5   | Killed Nessos
 19509 | Orc:1    | Entered Level 1 of the Orcish Mines
 19669 | Orc:2    | Entered Level 2 of the Orcish Mines
 19719 | Orc:1    | Noticed Josephine
 19727 | Orc:1    | Killed Josephine
 19990 | Orc:1    | Reached ****** piety under Hepliaklqana
 20214 | Orc:2    | Found Kam Effya's Weapon Shoppe.
 20317 | Orc:2    | Found a staircase to the Elven Halls.
 20545 | Orc:2    | Found Oqesak's Antique Armour Boutique.
 20545 | Orc:2    | Found Rynuhell's Distillery.
 20549 | Orc:2    | Found Qacoed's Armour Shop.
 20549 | Orc:2    | Found Hatoz's Armour Shop.
 20620 | Orc:2    | Found a transporter.
 20760 | Orc:2    | Found a transporter.
 20763 | Orc:2    | Noticed yleetSyT's ghost (journeyman DsSu)
 20765 | Orc:2    | Found a bloodstained altar of Trog.
 20864 | Orc:2    | Found Dauraa's Assorted Antiques.
 20874 | Orc:2    | Noticed an orc warlord
 20909 | Orc:2    | Killed an orc warlord
 21045 | Orc:2    | Found Iheonixi's Magic Scroll Shoppe.
 21132 | Orc:2    | Paralysed by an orc sorcerer for 5 turns
 21142 | Orc:2    | Reached XP level 16. HP: 108/119 MP: 18/25
 21253 | Orc:2    | Bought a potion of resistance for 110 gold pieces
 21253 | Orc:2    | Bought a potion of heal wounds for 55 gold pieces
 21395 | Orc:2    | Bought an ichor-stained cloak for 247 gold pieces
 21395 | Orc:2    | Identified the +0 cloak of the Orb Guardian {rN+ Will+++
                  | Str+3 Int-4} (You bought it in a shop on level 2 of the
                  | Orcish Mines)
 21397 | Orc:2    | Bought the +1 helmet of Feichowk {Rampage +Inv Dex+7} for
                  | 534 gold pieces
 21902 | D:12     | Reached skill level 15 in Fighting
 22096 | D:12     | Noticed Sonja
 22103 | D:12     | Killed Sonja
 22117 | D:12     | Learned a level 2 spell: Blink
 22273 | D:13     | Gained mutation: You are frail. (-10% HP) [a neqoxec]
 22378 | D:13     | Reached skill level 1 in Translocations
 22418 | D:13     | Learned a level 4 spell: Ignite Poison
 22763 | D:10     | You paid a toll of 4 potions of resistance to enter a
                  | treasure trove
 22764 | Trove    | Entered a treasure trove
 22776 | Trove    | Got Sif Muna's Abstruse Power Continued
 22780 | Trove    | Got the Folio of Fulgurous Transposition
 22801 | Trove    | Identified the amulet of Kehoofry {Reflect Regen+ SH+5}
 22803 | Trove    | Identified the amulet of Ryrasaek {rF+ Regen+}
 22805 | Trove    | Identified the amulet of the Painted Grape {Rampage rC++
                  | Regen+ Str-3}
 22807 | Trove    | Identified the amulet of the Burgomaster {Spirit Harm
                  | rCorr}
 23142 | D:13     | Found a gate to the Vaults.
 23186 | D:13     | Reached skill level 1 in Fire Magic
 23780 | D:14     | Identified the +4 robe "Voisifur" {rF+ Str+4}
 24273 | D:15     | Entered Level 15 of the Dungeon
 24383 | D:15     | Found a gate leading to a gauntlet.
 24405 | Gauntlet | Entered a Gauntlet
 24405 | Gauntlet | Found a transporter.
 24405 | Gauntlet | Found a runed translucent door.
 24405 | Gauntlet | Found a transporter.
 24408 | Gauntlet | Found a transporter.
 24409 | Gauntlet | Found a transporter.
 24410 | Gauntlet | Found a runed translucent door.
 24412 | Gauntlet | Found a transporter.
 24412 | Gauntlet | Found a transporter.
 24449 | Gauntlet | Found a transporter.
 24453 | Gauntlet | Found a transporter.
 24461 | Gauntlet | Found a transporter.
 24477 | Gauntlet | Found a runed translucent gate.
 24478 | Gauntlet | Found a transporter.
 24478 | Gauntlet | Found a runed translucent gate.
 24479 | Gauntlet | Found a runed translucent gate.
 24493 | Gauntlet | Found a transporter.
 24497 | Gauntlet | Found a transporter.
 24661 | Gauntlet | Got Aqeost's Information on the Incendiary Departed
 24697 | Gauntlet | Identified the ring "Ryz Cara" {rElec rPois rC+ Int+3}
 24756 | Gauntlet | Found the +4 robe of Folly {Brill Will-∞ Int+8}
 24798 | Gauntlet | Identified the +1 leather armour "Xypa" {Dex+4}
 25494 | D:15     | Reached XP level 17. HP: 114/114 MP: 24/29
 25503 | D:15     | Found a staircase to the Depths.
 25865 | Swamp:1  | Entered Level 1 of the Swamp
 25991 | Swamp:1  | Found a shadowy altar of Dithmenos.
 26493 | Swamp:1  | Upgraded the game from 0.32-a0-306-gfed3edf829 to
                  | 0.32-a0-314-g526f7d4993
 27110 | Swamp:2  | Identified the +9 flail of Giel {protect, SInv Stlth+}
 27589 | Swamp:3  | Noticed Bai Suzhen
 27706 | Spider:1 | Entered Level 1 of the Spider Nest
 28013 | Spider:1 | Learned a level 4 spell: Petrify
 28027 | Spider:1 | Learned a level 5 spell: Irradiate
 28032 | Spider:1 | Found a runed translucent door.
 28032 | Spider:1 | Found a shimmering altar of Xom.
 28032 | Spider:1 | Noticed Niv Okit's ghost (adept TeFi)
 28727 | Spider:2 | Gained mutation: Your magical capacity is low. (-10% MP)
                  | [mutagenic glow]
 29126 | Spider:2 | Reached XP level 18. HP: 122/122 MP: 20/28
 29286 | Spider:2 | Reached skill level 5 in Fire Magic
 30181 | Spider:3 | Noticed Mlioglotl
 30200 | Spider:3 | Killed Mlioglotl
 30948 | Spider:3 | Identified the scarf "Maulu" {+Inv, rF- rC+ SInv}
 31313 | Spider:4 | Entered Level 4 of the Spider Nest
 31322 | Spider:4 | Reached skill level 10 in Spellcasting
 32716 | Spider:4 | Got a gossamer rune of Zot
 32752 | Spider:4 | Reached XP level 19. HP: 106/130 MP: 21/29
 33088 | Swamp:3  | Noticed Jorgrun
 33191 | Swamp:3  | Killed Jorgrun
 33314 | Swamp:3  | Noticed Mara
 33335 | Swamp:3  | Killed Mara
 33895 | Swamp:4  | Entered Level 4 of the Swamp
 33912 | Swamp:4  | Reached skill level 1 in Long Blades
 34130 | Swamp:4  | Reached skill level 5 in Long Blades
 34402 | Swamp:4  | Noticed the 27-headed Lernaean hydra
 34793 | Swamp:4  | Killed the 27-headed Lernaean hydra
 35089 | Swamp:4  | Got a decaying rune of Zot
 35499 | Elf:1    | Entered Level 1 of the Elven Halls
 35745 | Elf:1    | Reached skill level 10 in Long Blades
 35892 | Elf:1    | Found Pici's Jewellery Shop.
 35909 | Elf:1    | Learned a level 4 spell: Flame Wave
 35984 | Elf:1    | Found Wogok's Distillery.
 35994 | Elf:1    | Bought a potion of heal wounds for 90 gold pieces
 36018 | Elf:1    | Found Beamah's Distillery.
 36047 | Elf:1    | Identified the +0 short sword of the Smoking Puffin {flame,
                  | ^Drain rF+++ Str+3 Dex-5}
 36251 | Elf:1    | Found Siros's General Store.
 36316 | Elf:1    | Reached XP level 20. HP: 139/139 MP: 13/30
 36743 | Elf:2    | Reached skill level 5 in Shields
 36868 | Elf:2    | Found a runed translucent gate.
 36869 | Elf:2    | Found a runed translucent gate.
 36869 | Elf:2    | Found a runed translucent gate.
 36904 | Elf:2    | Found Olid's Magic Scroll Emporium.
 37205 | Elf:3    | Entered Level 3 of the Elven Halls
 37207 | Elf:3    | Identified a scroll of acquirement
 37227 | Elf:3    | Acquired 945 gold pieces
 37255 | Elf:3    | Noticed Saint Roka
 37349 | Elf:3    | Found a huge runed translucent gate.
 37352 | Elf:3    | Found a huge runed translucent gate.
 37352 | Elf:3    | Found a huge runed translucent gate.
 37355 | Elf:3    | Found a huge runed translucent gate.
 37355 | Elf:3    | Found a huge runed translucent gate.
 37357 | Elf:3    | Found a huge runed translucent gate.
 37358 | Elf:3    | Found a huge runed translucent gate.
 37358 | Elf:3    | Found a huge runed translucent gate.
 37358 | Elf:3    | Found a huge runed translucent gate.
 37359 | Elf:3    | Found a huge runed translucent gate.
 37360 | Elf:3    | Found a huge runed translucent gate.
 37360 | Elf:3    | Found a huge runed translucent gate.
 37361 | Elf:3    | Found a huge runed translucent gate.
 37362 | Elf:3    | Found a huge runed translucent gate.
 37362 | Elf:3    | Found a huge runed translucent gate.
 37363 | Elf:3    | Found a huge runed translucent gate.
 37363 | Elf:3    | Found a huge runed translucent gate.
 37511 | Elf:3    | Noticed Roxanne
 37521 | Elf:3    | Learned a level 6 spell: Eringya's Noxious Bog
 37545 | Elf:3    | Killed Roxanne
 37611 | Elf:3    | Found a huge runed translucent gate.
 37611 | Elf:3    | Found a huge runed translucent gate.
 37611 | Elf:3    | Found a huge runed translucent gate.
 37611 | Elf:3    | Found a huge runed translucent gate.
 37611 | Elf:3    | Found a huge runed translucent gate.
 37611 | Elf:3    | Found a huge runed translucent gate.
 37612 | Elf:3    | Found a huge runed translucent gate.
 37612 | Elf:3    | Found a huge runed translucent gate.
 37613 | Elf:3    | Found a huge runed translucent gate.
 37613 | Elf:3    | Found a huge runed translucent gate.
 37614 | Elf:3    | Found a huge runed translucent gate.
 37614 | Elf:3    | Found a huge runed translucent gate.
 37615 | Elf:3    | Found a huge runed translucent gate.
 37803 | Elf:3    | Killed Saint Roka
 37887 | Elf:3    | Found a huge runed translucent gate.
 37887 | Elf:3    | Found a huge runed translucent gate.
 37887 | Elf:3    | Found a huge runed translucent gate.
 37888 | Elf:3    | Found a huge runed translucent gate.
 37889 | Elf:3    | Found a huge runed translucent gate.
 37890 | Elf:3    | Found a huge runed translucent gate.
 38072 | Elf:3    | Identified the amulet of Vyrghat {Acrobat -Cast Will+ Str+2
                  | SInv}
 38189 | Elf:3    | Identified the +4 short sword "Baurgh Yroef" {pain, Str+3
                  | SInv}
 38194 | Elf:3    | Identified the +4 battleaxe "Rovi" {spect, Dex+3}
 38194 | Elf:3    | Identified the amulet "Bainiuz" {RegenMP rF+++ rN+ Will++
                  | Dex-2}
 38394 | Abyss:2  | Cast into level 2 of the Abyss (a deep elf sorcerer)
 38410 | Abyss:2  | Found a corrupted altar of Lugonu.
 38511 | Abyss:2  | Paralysed by an apocalypse crab for 1 turns
 38728 | Abyss:3  | Found a corrupted altar of Lugonu.
 38810 | Abyss:4  | Found a corrupted altar of Lugonu.
 38904 | Abyss:5  | Found a broken altar of Ashenzari.
 38970 | Abyss:5  | Found a corrupted altar of Lugonu.
 39033 | Abyss:5  | Noticed a bone dragon
 39107 | Abyss:5  | Gained mutation: Your spells are a little easier to cast,
                  | but a little less powerful. [a cacodemon]
 39114 | Abyss:5  | Noticed a bone dragon
 39117 | Elf:3    | Escaped the Abyss
 39138 | Elf:3    | Reached XP level 21. HP: 128/146 MP: 21/28
 39217 | Abyss:5  | Cast into level 5 of the Abyss (a deep elf sorcerer)
 39228 | Abyss:5  | Found a corrupted altar of Lugonu.
 39319 | Abyss:6  | Gained mutation: Your system is resistant to poisons.
                  | (rPois) [a neqoxec]
 39322 | Abyss:6  | Found a corrupted altar of Lugonu.
 39324 | Elf:3    | Escaped the Abyss
 39347 | Elf:3    | Got Sif Muna's Incunabulum of the Tectonic Serac
 39984 | Vaults:1 | Entered Level 1 of the Vaults
 39996 | Vaults:1 | Lost mutation: You are frail. (-10% HP) [potion of
                  | mutation]
 39996 | Vaults:1 | Lost mutation: Your magical capacity is low. (-10% MP)
                  | [potion of mutation]
 39996 | Vaults:1 | Gained mutation: Your mind is acute. (Int +4, Str/Dex -1)
                  | [potion of mutation]
 39996 | Vaults:1 | Gained mutation: You are covered in fur. (AC +1) [potion of
                  | mutation]
 40023 | Vaults:1 | Learned a level 4 spell: Passage of Golubria
 40276 | Vaults:1 | Noticed Donald
 40285 | Vaults:1 | Killed Donald
 40475 | Vaults:1 | Found Emaj's Magic Scroll Shop.
 40480 | Vaults:1 | Bought a scroll of blinking for 150 gold pieces
 40515 | Vaults:1 | Noticed Nikola
 40530 | Vaults:1 | Killed Nikola
 41316 | Vaults:2 | Acquired the ring "Fugoed" {+Blink rN+++ Will+ Dex-4
                  | Stlth+}
 42111 | Vaults:2 | Found a staircase to the Crypt.
 42167 | Crypt:1  | Entered Level 1 of the Crypt
 42773 | Vaults:3 | Noticed Zenata
 42782 | Vaults:3 | Killed Zenata
 42783 | Vaults:3 | Reached XP level 22. HP: 174/174 MP: 32/36
 43505 | Vaults:3 | Reached skill level 10 in Shields
 44404 | Vaults:4 | Got the Writings on the Parabolic Fjord
 44409 | Vaults:4 | Learned a level 3 spell: Stone Arrow
 44616 | Vaults:4 | Reached skill level 1 in Earth Magic
 45342 | Vaults:5 | Entered Level 5 of the Vaults
 45624 | Vaults:5 | Noticed a golden dragon
 45644 | Vaults:5 | Killed a golden dragon
 45925 | Vaults:5 | Identified the +0 robe of Grace {rN+ Regen+ Slay+6}
 46009 | Vaults:5 | Reached XP level 23. HP: 181/181 MP: 29/37
 46424 | Vaults:5 | Found the +7 hand cannon "Mule" {flame, backblast, rF+}
 46435 | Vaults:5 | Got the Discourse on Subzero Spellbinding
 46919 | Orc:2    | Bought a scroll of enchant weapon for 247 gold pieces
 46919 | Orc:2    | Bought a scroll of enchant weapon for 247 gold pieces
 46985 | Elf:2    | Bought a scroll of enchant weapon for 120 gold pieces
 47580 | Vaults:5 | Got a silver rune of Zot
 47666 | Vaults:5 | Got the Elucidation of Portentous Despair
 47811 | Vaults:5 | Identified the ring "Mutt" {MP+9 Dex+3}
 47906 | Vaults:5 | Identified the +1 robe "Beylooss" {+Inv rF- Stlth+
                  | Archmagi}
 48437 | Depths:1 | Entered Level 1 of the Depths
 48555 | Depths:1 | Reached skill level 5 in Earth Magic
 48797 | Depths:1 | Noticed a golden dragon
 48799 | Depths:1 | Noticed a juggernaut
 48825 | Depths:1 | Killed a juggernaut
 48829 | Depths:1 | Killed a golden dragon
 48830 | Depths:1 | Reached skill level 15 in Long Blades
 48931 | Depths:1 | Identified the +1 pair of boots of Miracles {Harm rCorr}
 48963 | Depths:1 | Found Mooqomal's Antique Armour Boutique.
 48995 | Depths:1 | Found a one-way gate leading to the halls of Pandemonium.
 49278 | Depths:1 | Found a gateway to Hell.
 49515 | Depths:2 | Reached XP level 24. HP: 167/190 MP: 24/37
 49581 | Depths:2 | Found a one-way gateway to a ziggurat.
 49667 | Depths:2 | Found a one-way gate to the infinite horrors of the Abyss.
 49996 | Depths:2 | Found a shimmering altar of Xom.
 50116 | Depths:2 | Found a glowing silver altar of Zin.
 50170 | Depths:2 | Learned a level 3 spell: Passwall
 50482 | Depths:2 | Found an ancient bone altar of Kikubaaqudgha.
 50663 | Depths:2 | Found The Legendary Dymiherion's Legendary Smithy.
 50687 | Depths:2 | Found Koxattomn's General Store.
 50739 | Depths:2 | Found a white marble altar of Elyvilon.
 50779 | Depths:2 | Found Riygut's Miraculous Elixirs.
 51163 | Depths:3 | Reached skill level 27 in Dodging
 51261 | Depths:3 | Reached skill level 15 in Shields
 51317 | Depths:3 | Found the +8 trishula "Condemnation" {holy, anguish, *Noise
                  | Fly rN+}
 51323 | Depths:3 | Identified the amulet "Wostamifa" {Reflect rN++ Int+2 Dex-3
                  | SH+5}
 51456 | Depths:3 | Identified the amulet of Sin {RegenMP Str+2 Int+3 Dex+2}
 51648 | Depths:3 | Found a runed translucent door.
 51651 | Depths:3 | Found a radiant altar of Vehumet.
 51652 | Depths:3 | Noticed an ancient lich
 51805 | Depths:3 | Noticed Margery
 51812 | Depths:3 | Killed Margery
 52103 | Depths:3 | Killed the ghostly Margery
 52341 | Depths:4 | Entered Level 4 of the Depths
 52522 | Depths:4 | Reached XP level 25. HP: 178/199 MP: 38/38
 52615 | Depths:4 | Learned a level 5 spell: Alistair's Intoxication
 52767 | Depths:4 | Found a snail-covered altar of Cheibriados.
 53211 | Depths:4 | Found a gate to the Realm of Zot.
 53268 | Depths:4 | Found a stormy altar of Qazlal.
 53840 | Crypt:1  | Found a runed translucent door.
 53841 | Crypt:1  | Found a shimmering altar of Xom.
 53841 | Crypt:1  | Noticed Omoexics's ghost (veteran DsGl)
 54478 | Crypt:2  | Identified the +1 pair of gloves of the Wilderness {-Tele
                  | +Inv rN++ Str-4}
 54635 | Crypt:2  | Found a runed translucent door.
 54635 | Crypt:2  | Found a shimmering altar of Xom.
 54635 | Crypt:2  | Noticed Katt's ghost (adept MiFi)
 54635 | Crypt:2  | Found the +7 lajatang of Order {silver, rMut}
 55113 | Crypt:3  | Entered Level 3 of the Crypt
 55651 | Crypt:3  | Noticed a dread lich
 55658 | Crypt:3  | Killed a dread lich
 55693 | Crypt:3  | Noticed Xtahua
 55694 | Crypt:3  | Noticed a royal mummy
 55780 | Crypt:3  | Found the amulet of the Four Winds {rN+ Will+++ Clar}
 55807 | Crypt:3  | Identified the ring of Ulesol {rElec rPois rN+ Str+6 Int-2}
 55965 | Crypt:3  | Identified the ring of Wiewkek {rElec rPois rN+}
 55965 | Crypt:3  | Identified the amulet "Hemeph" {Harm rC- Regen+ Str-4 SInv}
 56057 | Crypt:3  | Killed Xtahua
 56348 | Crypt:3  | Reached XP level 26. HP: 216/216 MP: 39/39
 56479 | Crypt:3  | Reached skill level 27 in Fighting
 56609 | Crypt:3  | Found a staircase to the Tomb.
 56631 | Tomb:1   | Entered Level 1 of the Tomb of the Ancients
 56631 | Tomb:1   | Noticed Mennas
 57250 | Zot:1    | Entered Level 1 of the Realm of Zot
 57263 | Zot:1    | Noticed an orb of fire
 57266 | Zot:1    | Gained mutation: You do not regenerate when monsters are
                  | visible. [an orb of fire]
 57272 | Zot:1    | Lost mutation: Your mind is acute. (Int +4, Str/Dex -1) [an
                  | orb of fire]
 57275 | Zot:1    | Killed an orb of fire
 57694 | Zot:1    | Found the +4 dragonskin cloak
 57694 | Zot:1    | Noticed Tiamat
 58000 | Zot:1    | Noticed a Killer Klown
 58011 | Zot:1    | Killed a Killer Klown
 58653 | Zot:1    | Noticed a Killer Klown
 58692 | Zot:1    | Killed a Killer Klown
 59402 | Zot:1    | Identified the staff of the Artisans {rElec rN++ Dex-2
                  | Necro Fire Air}
 59510 | Zot:2    | Noticed an orb of fire
 59513 | Zot:2    | Gained mutation: You occasionally shout uncontrollably at
                  | your foes. [an orb of fire]
 59522 | Zot:2    | Killed an orb of fire
 61593 | Zot:3    | Reached XP level 27. HP: 224/224 MP: 39/39
 61935 | Zot:3    | Noticed an orb of fire
 61935 | Zot:3    | Gained mutation: Your spells are easier to cast, but less
                  | powerful. [an orb of fire]
 61937 | Zot:3    | Gained mutation: Armour fits poorly on your strangely
                  | shaped body. [an orb of fire]
 61940 | Zot:3    | Gained mutation: You are weak. (Str -2) [an orb of fire]
 61941 | Zot:3    | Gained mutation: You occasionally lose the ability to drink
                  | potions when taking damage. [an orb of fire]
 61945 | Zot:3    | Killed an orb of fire
 62670 | Zot:4    | Found a huge runed translucent gate.
 62670 | Zot:4    | Found a huge runed translucent gate.
 62670 | Zot:4    | Found a huge runed translucent gate.
 62670 | Zot:4    | Found a huge runed translucent gate.
 62670 | Zot:4    | Found a huge runed translucent gate.
 62670 | Zot:4    | Found a huge runed translucent gate.
 62670 | Zot:4    | Found a huge runed translucent gate.
 62670 | Zot:4    | Found a huge runed translucent gate.
 62670 | Zot:4    | Found a huge runed translucent gate.
 62689 | Zot:4    | Found a huge runed translucent gate.
 62689 | Zot:4    | Found a huge runed translucent gate.
 62689 | Zot:4    | Found a huge runed translucent gate.
 62689 | Zot:4    | Found a huge runed translucent gate.
 62690 | Zot:4    | Found a huge runed translucent gate.
 62691 | Zot:4    | Found a huge runed translucent gate.
 62697 | Zot:4    | Found a huge runed translucent gate.
 62698 | Zot:4    | Found a huge runed translucent gate.
 62698 | Zot:4    | Found a huge runed translucent gate.
 62700 | Zot:4    | Found a huge runed translucent gate.
 62991 | Zot:4    | Found a huge runed translucent gate.
 62992 | Zot:4    | Found a huge runed translucent gate.
 62992 | Zot:4    | Found a huge runed translucent gate.
 62992 | Zot:4    | Found a huge runed translucent gate.
 62992 | Zot:4    | Found a huge runed translucent gate.
 62992 | Zot:4    | Found a huge runed translucent gate.
 62993 | Zot:4    | Found a huge runed translucent gate.
 62994 | Zot:4    | Found a huge runed translucent gate.
 62995 | Zot:4    | Found a huge runed translucent gate.
 63514 | Zot:4    | Found a huge runed translucent gate.
 63515 | Zot:4    | Found a huge runed translucent gate.
 63516 | Zot:4    | Found a huge runed translucent gate.
 63517 | Zot:4    | Found a huge runed translucent gate.
 63518 | Zot:4    | Found a huge runed translucent gate.
 63519 | Zot:4    | Found a huge runed translucent gate.
 63519 | Zot:4    | Found a huge runed translucent gate.
 63525 | Zot:4    | Found a huge runed translucent gate.
 63664 | Zot:5    | Entered Level 5 of the Realm of Zot
 64001 | Zot:5    | Noticed an orb of fire
 64012 | Zot:5    | Noticed an orb of fire
 64469 | Zot:5    | Killed an orb of fire
 64473 | Zot:5    | Gained mutation: You are occasionally teleported next to
                  | monsters. [an orb of fire]
 64475 | Zot:5    | Gained mutation: You are very weak. (Str -4) [an orb of
                  | fire]
 64487 | Zot:5    | Gained mutation: You occasionally lose the ability to read
                  | scrolls when taking damage. [an orb of fire]
 64490 | Zot:5    | Lost mutation: Your spells are easier to cast, but less
                  | powerful. [an orb of fire]
 64491 | Zot:5    | Killed from afar by an orb of fire

Illustrated notes

Levels and vault maps discovered:
D:1:      heliophobic_arrival_enchanted_forest, layout_loops_ring
D:2:      layout_loops_ring, nicolae_kite_square_tiling_tiny
D:3:      layout_basic, grunt_ministairs_11, small_statue_intersection,
          moated_statue, hangedman_decor_opposing
D:4:      layout_rooms, mainiacjoe_overflow_small_starburst,
          minmay_temple_entry_metal_lava
D:5:      layout_basic, nzn_wu_jian_council_hall, led_sif_pool,
          mainiacjoe_overflow_cross_hatched, grunt_ministairs_12,
          minmay_shop_mayhem
D:6:      nicolae_cairo_tiling_very_big, layout_cave_pools,
          mainiacjoe_overflow_surrounded_room, serial_shops,
          nicolae_shop_temple_entry_statues_fountains,
          ebering_ghost_rock_garden, fountainhead, minmay_misc_feat_cross,
          hangedman_abyss_or_decor_stabs, uniq_duvessa
D:7:      layout_rooms, serial_shops, nicolae_shop_behind_doors,
          nicolae_grassy_gnolls, uniq_maurice, uniq_menkaure, uniq_jeremiah
D:8:      layout_cave_pools, cheibrodos_ashenzari_chains,
          kiku_gazebo_pond_becter
D:9:      layout_rooms, david_orc_3
D:10:     layout_rooms, mainiacjoe_overflow_catwalk_spiral, serial_ice,
          serial_ice_b, serial_ice_i, serial_ice_e, serial_ice_c, serial_ice_h,
          serial_ice_d, serial_ice_f, serial_ice_n, serial_ice_g, serial_ice_a,
          enter_trove_3
D:11:     layout_loops_corners, erik_lair_island,
          minmay_fractal_squares_gapless_5
D:12:     layout_long_grid, nrook_mini_backslash, uniq_sonja
D:13:     layout_loops_ring, skrybe_vaults_entry_preservation, chequers_avenue,
          minmay_between
D:14:     layout_loops_ring, minivault_26, minivault_8
D:15:     grunt_enter_depths_magical_seal, layout_cave_pods,
          serial_column_ruins, column_ruins_hut, column_ruins_grid_1,
          column_ruins_open_medium, column_ruins_open_medium,
          column_ruins_open_small, column_ruins_corridor_straight,
          gauntlet_entry_generic, serial_park_tiny_1, evilmike_butchery
Temple:   hellmonk_temple_divided_pantheon
Lair:1:   layout_cave_shapes, portal_ice_cave_demonic_guard,
          nzn_sisyphean_effort, grunt_megastairs_2
Lair:2:   layout_cave_pods, nicolae_swamp_entry_spooky,
          spider_nest_entry_rubble, roderic_carrion_pond,
          minmay_shattered_shrine, serial_bayou_shore_b
Lair:3:   layout_cave_shapes, minivault_11, st_stairs_9, roderic_batcave,
          serial_bayou_shore_b, grunt_megastairs_5, serial_bayou_shore_a,
          infiniplex_staircase_pool_2
Lair:4:   layout_cave_pods, grunt_megastairs_1, lemuel_fruit_fields
Lair:5:   hangedman_lair_caniforms_friends, layout_regular_city,
          hangedman_lair_tendril_chambers, slime_entry_1, uniq_nessos
Swamp:1:  layout_falls_marsh, nicolae_swamp_godswood
Swamp:2:  layout_falls_marsh, nicolae_swamp_triple_paths, swamp_pool_3,
          hangedman_swamp_wriggling
Swamp:3:  layout_basic_swamp, nicolae_swamp_rocky_clearing,
          nicolae_swamp_tree_isthmus, uniq_bai_suzhen, uniq_jorgrun, uniq_mara
Swamp:4:  swamp_old_school, layout_basic_swamp
Spider:1: layout_spider_delve, ebering_ghost_xom,
          nicolae_spider_not_touching_you
Spider:2: layout_spider_delve
Spider:3: layout_spider_delve, worms_lemuel, uniq_mlioglotl
Spider:4: grunt_spider_rune_parallel, drop_trap
Orc:1:    layout_caves, uniq_josephine
Orc:2:    st_orc_mages, layout_caves, gammafunk_ghost_wrathful_warriors,
          serial_shops, shop, nicolae_diamond_shop, shop
Elf:1:    kennysheep_oblong_rooms, layout_geoelf_diagonals, serial_shops, shop,
          nicolae_shop_rolling_square, nicolae_shop_hallway_plus,
          nicolae_shop_industrial_runoff, hangedman_elven_crosses_minicolossus,
          grunt_ministairs_7
Elf:2:    nicolae_elf_blades_crystal_corner, layout_geoelf_diagonals,
          serial_shops, shop
Elf:3:    minmay_elf_hall_curves, layout_geoelf_grid, not_door_vault_due,
          uniq_roxanne, uniq_saint_roka
Vaults:1: nicolae_vaults_big_angled_halls, nicolae_vaults_house_1,
          grunt_vaults_hallway_long, v_alt_pattern_2, nicolae_vaults_big_ls,
          vaults_room_stairs_pillars, vaults_dpeg_hooks, layout_vaults_omnigrid,
          serial_shops, shop, uniq_nikola, uniq_donald
Vaults:2: minmay_crypt_entry_simple_plaza, v_misc_22,
          nicolae_vaults_shrinking_rooms_1, vaults_room_corners,
          vaults_mumra_chevron, nicolae_vaults_little_squares_6,
          nicolae_vaults_corridor_and_loot_room, v_misc_1,
          nicolae_vaults_three_branches, layout_vaults_omnicross
Vaults:3: nicolae_vaults_storage_room_doors, vaults_room_octagon,
          ontoclasm_vaults_claustrophobia, v_alt_pattern_2,
          nicolae_vaults_antechamber_and_loot_room,
          nicolae_vaults_yaktaur_gun_rack, grunt_vaults_diagonal,
          nicolae_vaults_closet_pinwheel_3, nicolae_vaults_storage_closets_2,
          nicolae_vaults_little_squares_3, nicolae_vaults_double_plus_2,
          layout_vaults_chaotic_city, uniq_zenata
Vaults:4: nicolae_vaults_what_the_h, nicolae_vaults_circle_grid_b,
          nicolae_vaults_little_squares_1, vaults_dpeg_diagonal,
          nicolae_vaults_hallways_thing, nicolae_vaults_diagonal_hallway_6,
          vaults_standard_mumra_enter_the_diamond, nicolae_vaults_little_ls,
          nicolae_vaults_frosty_reception, nicolae_vaults_sesquioval_fish,
          ontoclasm_vaults_idyll, layout_vaults_ring
Vaults:5
Crypt:1:  layout_rooms, ebering_ghost_xom, chequers_hall_statues_corner_a,
          grunt_crypt_arrival_guarded_gate
Crypt:2:  layout_gridlike, ebering_ghost_xom
Crypt:3:  due_elkab, layout_chaotic_city, tomb_entry_shell_bobbens,
          grunt_ministairs_13, uniq_xtahua, uniq_khufu
Tomb:1:   uniq_mennas
Depths:1: layout_cave_pools, serial_shops, shop, grunt_pan_entry_spiral,
          chequers_serial_rivers_small_b, pf_hell_entry_great_geh,
          minmay_misc_feat_square, st_stairs_1, dreamdust_wishing_well,
          dk_noncrumbling_2, minmay_checkered_concentric_circles
Depths:2: grated_community_mu [grated_community_mu_vampire_home,
          grated_community_mu_giant_home, grated_community_mu_spellcaster_home,
          grated_community_mu_orcish_home, grated_community_mu_troll_home,
          grated_community_mu_taur_home, grated_community_mu_unbuilt_plot],
          layout_basic, enter_ziggurat_d, pf_hell_entry_tar_river, abyss_entry,
          rand_demon_pan_entry_7, zin_angel, led_xom_imps
Depths:3: minmay_the_grid_triangle_9x9_recursive_2_mashed
          [minmay_the_grid_triangle_9x9_prize_center,
          minmay_the_grid_triangle_9x9_negative_grid,
          minmay_the_grid_triangle_9x9_longest,
          minmay_the_grid_triangle_9x9_steps], layout_honeycomb,
          minmay_room_of_horrors, serial_bayou_pond_b, pan_entry, hell_entry,
          grunt_absolute_annihilation, infiniplex_staircase_pool_lava,
          uniq_margery
Depths:4: regret_index_qazlal_generations, layout_gridlike, abyss_entry,
          cheibriados_altar_1, lightli_too_deep
Zot:1:    infiniplex_zot_generator, layout_gridlike, uniq_tiamat
Zot:2:    cheibrodos_frozen_isle, layout_onion_interference, uniq_josephina
Zot:3:    layout_gridlike, hangedman_zot_decor_slant, zot_minivault_8
Zot:4:    layout_basic, regret_index_zotdec_tunneler, not_door_vault_mu,
          hangedman_zot_gyre
Zot:5:    layout_basic

Skill      XL: |  1  2  3  4  5  6  7  8  9 10 11 12 13 14 15 16 17 18 19 20 21 22 23 24 25 26 27 |
---------------+----------------------------------------------------------------------------------+-----
Conjurations   | 1 2 3 4 |  4.0
Dodging        | 3 4 5 7 8 10 11 13 16 17 18 19 20 22 23 24 25 26 27 | 27.0
Fighting       | 1 2 3 4 5 6 8 9 11 13 14 15 16 17 19 20 21 22 23 26 27 | 27.0
Armour         | 1 2 3 4 5 6 8 |  8.0
Alchemy        | 5 6 7 8 10 11 13 15 17 18 19 20 | 20.0
Spellcasting   | 3 4 5 6 8 9 10 11 12 | 12.0
Shields        | 1 2 4 6 9 12 13 15 18 22 | 22.7
Invocations    | 2 4 5 7 8 10 | 10.0
Polearms       | 4 8 11 13 14 | 14.0
Translocations | 3 4 |  4.0
Fire Magic     | 2 4 6 7 8 |  8.0
Long Blades    | 11 14 15 16 | 16.0
Earth Magic    | 3 5 6 |  6.0
Stealth        | |  2.1

Action                     |  1- 3 |  4- 6 |  7- 9 | 10-12 | 13-15 | 16-18 | 19-21 | 22-24 | 25-27 || total
---------------------------+-------+-------+-------+-------+-------+-------+-------+-------+-------++-------
  Melee: Dagger            |     6 |    32 |    77 |       |       |       |       |       |       ||   115
         Short sword       |     3 |    17 |       |       |       |       |       |       |       ||    20
         Tailslap          |       |       |     1 |     1 |     6 |    10 |    21 |    17 |    29 ||    85
         Trident           |       |       |    65 |   347 |  1207 |  1596 |   347 |       |       ||  3562
         Demon blade       |       |       |       |       |       |       |   769 |   586 |       ||  1355
         Double sword      |       |       |       |       |       |       |       |   517 |  1105 ||  1622
   Cast: Sting             |    40 |   109 |   161 |    77 |    38 |    24 |    11 |       |       ||   460
         Olgreb's Toxic Ra |       |       |     5 |    57 |   110 |   119 |    52 |    37 |    12 ||   392
         Blink             |       |       |       |       |       |     4 |       |       |       ||     4
         Ignite Poison     |       |       |       |       |       |    51 |    43 |    12 |     8 ||   114
         Petrify           |       |       |       |       |       |     1 |     1 |       |       ||     2
         Irradiate         |       |       |       |       |       |     1 |       |       |       ||     1
         Eringya's Noxious |       |       |       |       |       |       |     2 |     8 |     8 ||    18
         Passage of Golubr |       |       |       |       |       |       |     1 |     2 |       ||     3
         Stone Arrow       |       |       |       |       |       |       |       |    18 |    26 ||    44
         Flame Wave        |       |       |       |       |       |       |       |     1 |       ||     1
 Invoke: Recall Ancestor   |       |       |       |     5 |    10 |     2 |    16 |     6 |     7 ||    46
         Ancestor Life: He |       |       |       |     1 |       |       |       |       |       ||     1
         Idealise          |       |       |       |       |       |       |     2 |       |       ||     2
  Evoke: Wand              |       |       |     8 |     3 |    14 |     1 |     6 |       |       ||    32
         Phantom mirror    |       |       |       |       |       |       |     1 |       |       ||     1
    Use: Potion            |       |     2 |     4 |     1 |     1 |     1 |     9 |     6 |     2 ||    26
         Scroll            |       |       |     4 |    15 |     7 |    13 |    15 |    10 |    16 ||    80
   Stab: Sleeping          |       |       |     3 |     1 |     1 |     5 |     7 |     9 |     8 ||    34
         Distracted        |       |       |     2 |     7 |    27 |    28 |    15 |    21 |    29 ||   129
         Confused          |       |       |       |    11 |    53 |    55 |    46 |    56 |    67 ||   288
         Paralysed         |       |       |       |       |    62 |   121 |    78 |    94 |    74 ||   429
         Petrified         |       |       |       |       |       |    11 |       |       |       ||    11
         Petrifying        |       |       |       |       |       |     1 |       |       |       ||     1
 Armour: Robe              |     8 |    43 |   105 |    29 |       |       |       |       |       ||   185
         Leather armour    |       |       |       |    41 |    29 |       |       |       |       ||    70
         Troll leather arm |       |       |       |     5 |   248 |   335 |   285 |   295 |   473 ||  1641
  Dodge: Dodged            |    16 |    32 |   206 |   161 |   649 |  1203 |   715 |   491 |   953 ||  4426
  Block: Buckler           |       |       |    58 |    42 |   248 |   849 |   356 |       |       ||  1553
         Reflection        |       |       |       |       |       |    10 |    45 |    45 |    12 ||   112
         Kite shield       |       |       |       |       |       |       |   214 |   755 |   991 ||  1960

Table legend: (Time is in decaauts)
 A = Elapsed time spent in this place.
 B = Non-inter-level travel time spent in this place.
 C = Inter-level travel time spent in this place.
 D = Time resting spent in this place.
 E = Time spent auto-exploring this place.
 F = Levels seen in this place.
 G = Mean time per level.
                   A        B        C        D        E       F      G
               +--------+--------+--------+--------+--------+-----+--------+
         Total |  62654 |  58788 |   3866 |  12483 |  23128 |  61 | 1027.1 |
       Dungeon |  16281 |  14802 |   1479 |   3068 |   7334 |  15 | 1085.4 |
        Temple |      1 |      1 |      0 |      0 |      0 |   1 |    1.0 |
          Lair |   6565 |   6104 |    461 |   1142 |   2765 |   5 | 1313.0 |
         Swamp |   3560 |   3360 |    200 |   1051 |   1017 |   4 |  890.0 |
   Spider Nest |   5018 |   4783 |    235 |   1702 |   1327 |   4 | 1254.5 |
  Orcish Mines |   2106 |   1779 |    327 |    194 |    634 |   2 | 1053.0 |
   Elven Halls |   3465 |   3231 |    234 |    716 |    873 |   3 | 1155.0 |
        Vaults |   7472 |   6989 |    483 |    826 |   3695 |   5 | 1494.4 |
         Crypt |   3492 |   3379 |    113 |    278 |   1425 |   3 | 1164.0 |
          Tomb |     13 |     13 |      0 |      0 |      0 |   1 |   13.0 |
        Depths |   5600 |   5305 |    295 |    910 |   2113 |   4 | 1400.0 |
           Zot |   6953 |   6919 |     34 |   2134 |   1929 |   5 | 1390.6 |
         Abyss |    751 |    751 |      0 |     50 |      0 |   6 |  125.2 |
         Trove |    113 |    113 |      0 |      0 |     12 |   1 |  113.0 |
      Ice Cave |    887 |    887 |      0 |    348 |      0 |   1 |  887.0 |
      Gauntlet |    369 |    369 |      0 |     62 |      0 |   1 |  369.0 |
               +--------+--------+--------+--------+--------+-----+--------+

Top non-repeatable levels by time:
   Zot:1: 2789 daAuts
Vaults:5: 2070 daAuts
  Lair:5: 2009 daAuts
     D:6: 1999 daAuts
  Lair:2: 1772 daAuts
Depths:2: 1724 daAuts
 Crypt:3: 1710 daAuts
   Zot:3: 1644 daAuts
   Elf:3: 1643 daAuts
Spider:4: 1564 daAuts
Vaults:3: 1558 daAuts
   Orc:2: 1553 daAuts
Depths:4: 1514 daAuts
Vaults:2: 1470 daAuts
Depths:3: 1417 daAuts
